 Dungeon Crawl Stone Soup version 0.23-a0-183-gf37f6fb (webtiles) character file.

160 Amnesiac the Magician (level 5, -9/41 HPs)
             Began as a Mummy Monk on Sept 21, 2018.
             Mangled by an ogre
             ... wielding a +0 giant club
              (21 damage)
             ... on level 4 of the Dungeon.
             The game lasted 00:02:49 (1419 turns).

Amnesiac the Magician (Mummy Monk)                  Turns: 1419, Time: 00:02:50

Health: -9/41      AC:  5    Str: 18    XL:     5   Next: 17%
Magic:  11/13      EV: 12    Int: 11    God:
Gold:   114        SH:  0    Dex: 18    Spells: 14/16 levels left

rFire    x . .     SeeInvis .   a - +0 hand axe (venom)
rCold    + . .     Gourm    .   (no shield)
rNeg     + + +     Faith    .   d - +0 ring mail
rPois    ∞         Spirit   .   (no helmet)
rElec    .         Reflect  .   (no cloak)
rCorr    .         Harm     .   (no gloves)
MR       +....                  (no boots)
Stlth    +.........             (no amulet)
HPRegen  0.13/turn              g - ring "Fovo" {*Corrode rN+ MR+ Str+4 Dex+4}
MPRegen  0.13/turn              (no ring)

@: no status effects
A: no food or potions, fire vulnerability, cold resistance 1, negative energy
resistance 3, torment resistance, unbreathing
a: no special abilities


You were on level 4 of the Dungeon.
You were not hungry.

You visited 1 branch of the dungeon, and saw 4 of its levels.

You collected 114 gold pieces.

Inventory:

Hand Weapons
 a - a +0 hand axe of venom (weapon)
Missiles
 c - 20 sling bullets
Armour
 b - a +0 robe
 d - a +0 ring mail (worn)
Magical Staves
 h - an uncursed staff of power
Jewellery
 g - the ring "Fovo" (left hand) {*Corrode rN+ MR+ Str+4 Dex+4}
   (You found it on level 4 of the Dungeon)

   [ring of protection from magic]

   It affects your strength (+4).
   It affects your dexterity (+4).
   It protects you from negative energy.
   It affects your resistance to hostile enchantments.
   It may corrode you when you take damage.
Scrolls
 e - a scroll of enchant weapon {!r, unknown}


   Skills:
 - Level 3.0 Fighting
   Level 2.4 Short Blades
 - Level 2.4 Dodging
 - Level 1.5 Stealth
 + Level 6.0 Spellcasting


You had 14 spell levels left.
You knew the following spells:

 Your Spells              Type           Power        Failure   Level  Hunger
v - Blink                 Tloc           N/A          45%         2    N/A

Your spell library contained the following spells:

 Spells                   Type           Power        Failure   Level  Hunger
 Magic Dart               Conj           #...         34%         1    N/A
 Call Imp                 Summ           #.......     45%         2    N/A
 Slow                     Hex            #.......     45%         2    N/A
 Conjure Flame            Conj/Fire      #.......     71%         3    N/A
 Mephitic Cloud           Conj/Pois/Air  #.......     71%         3    N/A

Dungeon Overview and Level Annotations

Branches:
Dungeon (4/15)
 Temple: D:4-7

Altars:
Makhleb


Innate Abilities, Weirdness & Mutations

You do not eat or drink.
Your flesh is vulnerable to fire.
You are immune to poison.
Your flesh is cold resistant. (rC+)
You are immune to negative energy. (rN+++)
You are immune to unholy pain and torment.
You can survive without breathing.


Message History

Adjust to which letter? (? for menu, Esc to quit)
a - a +0 hand axe of venom (weapon);
c - a +0 short sword Drop what? 8/52 slots (_ for help) (? for menu, Esc to quit)
You drop a +0 short sword.
The phantom blinks!
The phantom misses you.
The phantom hits you but does no damage.
The phantom barely misses you.
The phantom blinks!
Search for what [? for help]? sling The phantom is too close now for your liking.
You hit the phantom.
The phantom is lightly damaged.
The phantom hits you. x2
You hit the phantom.
The phantom is moderately damaged.
The phantom hits you but does no damage.
You hit the phantom.
The phantom is moderately damaged.
The phantom hits you!
You closely miss the phantom.
The phantom is moderately damaged.
The phantom barely misses you.
You hit the phantom.
The phantom is heavily damaged.
The phantom hits you but does no damage.
The phantom hits you.
The phantom blinks!
You aren't carrying any items that you can evoke.
The phantom blinks!
You see here a +0 short sword.
You see here 20 sling bullets.
c - 20 sling bullets The phantom barely misses you.
You miss the phantom.
The phantom is moderately damaged.
The phantom hits you!
* * * LOW HITPOINT WARNING * * *
The phantom blinks!
The phantom blinks!
The phantom hits you but does no damage.
The phantom blinks!
The ogre shouts!
The phantom blinks!
The ogre shouts!
Really read
f - a scroll labeled CIPU FOKLOFRY {!r}?
As you read the scroll labeled CIPU FOKLOFRY {!r}, it crumbles to dust.
You feel strangely unstable.
It was a scroll of teleportation {!r}.
You hit the ogre but do no damage.
The ogre is poisoned.
You hit the ogre.
The ogre is poisoned.
The ogre barely misses you. The ogre hits you with a giant club!
* * * LOW HITPOINT WARNING * * *
You hit the ogre.
The ogre looks as sick as possible!
The ogre is lightly wounded.
You hit the ogre.
The ogre looks as sick as possible!
Your surroundings seem slightly different.
You kill the ogre!
Your Spellcasting skill gained 2 levels and is now at level 6!
You have reached level 5!
You feel clever.
You hit the ogre.
The ogre is severely wounded.
The phantom blinks!
The ogre hits you with a giant club!!
Ouch! That really hurt!
You die...

#............### ##.#####
............## #.#
.#..........# #.#
##..........# #.#
##.......## #.# ##.......##
#.# #######...######.######
####.........#...........##
.....#####§)...O@.>.......##
###### ###..>............#
#...............#
#...............#
#...............#
#...............#
##.............##
##.....#.....##
#############


You could see an ogre.

Vanquished Creatures
  An ogre (D:4)
  A worker ant (D:4)
  2 adders
  2 oozes (D:4)
  2 worms
  An orc (D:3)
  3 bats
  3 goblins
  3 hobgoblins (D:1)
  3 frilled lizards
  2 kobolds
  3 rats
26 creatures vanquished.

Notes
Turn   | Place    | Note
-------+----------+-------------------------------------------
     0 | D:1      | Amnesiac the Mummy Monk began the quest for the Orb.
     0 | D:1      | Reached XP level 1. HP: 18/18 MP: 1/1
    34 | D:1      | Reached skill level 1 in Spellcasting
    82 | D:1      | Reached skill level 2 in Spellcasting
    83 | D:1      | Reached XP level 2. HP: 5/24 MP: 5/5
   449 | D:2      | Reached skill level 3 in Spellcasting
   747 | D:3      | Reached XP level 3. HP: 29/29 MP: 7/7
   753 | D:4      | Noticed an ogre
   753 | D:4      | Noticed an ogre
   953 | D:4      | Got a slimy brass ring
   954 | D:4      | Identified the ring "Fovo" {*Corrode rN+ MR+ Str+4 Dex+4}
                  | (You found it on level 4 of the Dungeon)
   987 | D:4      | Reached skill level 4 in Spellcasting
   987 | D:4      | Reached XP level 4. HP: 5/35 MP: 8/10
  1288 | D:4      | Noticed a phantom
  1303 | D:4      | Found a burning altar of Makhleb.
  1313 | D:4      | Learned a level 2 spell: Blink
  1418 | D:4      | Killed an ogre
  1418 | D:4      | Reached skill level 6 in Spellcasting
  1418 | D:4      | Reached XP level 5. HP: 12/41 MP: 10/13
  1419 | D:4      | Mangled by an ogre

Vault maps used:
D:1:      tarquinn_simple_flora_water_d, st_stairs_8, minmay_tromino_v7
D:3:      cheibrodos_ashenzari_chains, overflow_temple_1_default,
          okawaru_trees_1, first_ration, grunt_decor_arrowhead
D:4:      lemuel_coloured_pillars_altar, minmay_temple_entry_trees,
          minmay_close_crescents, uniq_menkaure

Skill      XL: |  1  2  3  4 |
---------------+-------------+-----
Spellcasting   | 2 3 4 6 |  6.0
Fighting       | |  3.0
Short Blades   | |  2.4
Dodging        | |  2.4
Stealth        | |  1.5

Action                   |  1- 3 |  4- 6 || total
-------------------------+-------+-------++-------
Melee: Short sword       |    16 |       ||    16
       Hand axe          |    71 |    14 ||    85
  Use: Scroll            |       |     1 ||     1
Armor: Robe              |     7 |       ||     7
       Ring mail         |    12 |     6 ||    18
Dodge: Dodged            |    75 |     9 ||    84

Table legend:
 A = Non-vault XP
 B = Vault XP
 C = Vault XP percentage of total XP
 D = Non-vault monster count
 E = Vault monster count
 F = Vault count percentage of total count
                 A         B        C        D         E       F
            +---------+---------+-------+---------+---------+-------
      Total |     226 |       3 |   1.3 |      24 |       2 |   7.7
            +---------+---------+-------+---------+---------+-------
        D:1 |      12 |       3 |  20.0 |       8 |       2 |  20.0
        D:2 |      25 |       0 |   0.0 |       6 |       0 |   0.0
        D:3 |      11 |       0 |   0.0 |       4 |       0 |   0.0
        D:4 |     178 |       0 |   0.0 |       6 |       0 |   0.0
            +---------+---------+-------+---------+---------+-------
